 Dungeon Crawl Stone Soup version 0.20.1-1-g8b1a95d (webtiles) character file.

271 vatarom the Insei (level 6, -12/51 HPs)
             Began as a Draconian Transmuter on Sept 20, 2017.
             Mangled by Menkaure (19 damage)
             ... on level 4 of the Dungeon.
             The game lasted 00:07:38 (2386 turns).

vatarom the Insei (Draconian Transmuter)            Turns: 2386, Time: 00:07:38

Health: -12/51     AC:  7    Str: 16 (18) XL:     6   Next: 2%
Magic:  5/9        EV: 13    Int: 11 (13) God:
Gold:   149        SH:  0    Dex: 11 (13) Spells: 3/9 levels left

rFire    . . .     SeeInvis .   e - +2 dagger (venom)
rCold    . . .     Gourm    .   (no shield)
rNeg     . . .     Faith    .   (armour unavailable)
rPois    .         Spirit   .   (helmet restricted)
rElec    .         Reflect  .   (no cloak)
rCorr    .         Harm     .   h - +0 pair of gloves
MR       .....                  (no boots)
Stlth    +.........             (no amulet)
Regen    0.2/turn               f - +1 ring of evasion
MPRegen  0.2/turn               m - +5 ring of strength

@: about to teleport
A: unfitting armour, cold-blooded, AC +6
a: no special abilities


You were on level 4 of the Dungeon.
You were not hungry.

You visited 1 branch of the dungeon, and saw 4 of its levels.

You collected 149 gold pieces.

Inventory:

Hand Weapons
 e - a +2 dagger of venom (weapon)
Missiles
 a - 98 arrows
Armour
 h - a +0 pair of gloves (worn)
Jewellery
 f - a +1 ring of evasion (left hand)
 m - a +5 ring of strength (right hand)
 q - an uncursed ring of positive energy
 s - an uncursed ring of protection from fire
Scrolls
 k - a scroll of amnesia
 p - a scroll of recharging
Potions
 i - a potion of flight
 j - a potion of resistance
 n - a potion of brilliance
 o - a potion of might
Books
 b - a book of Changes

   Spells                             Type                      Level
   a - Beastly Appendage              Transmutation                1
   b - Sticks to Snakes               Transmutation                2
   c - Spider Form                    Transmutation/Poison         3
   d - Ice Form                       Ice/Transmutation            4
   e - Blade Hands                    Transmutation                5
Comestibles
 c - a chunk of flesh
 g - 2 royal jellies
 l - a meat ration


   Skills:
 + Level 3.5 Fighting
 - Level 1.7 Dodging
 * Level 5.0 Unarmed Combat
 - Level 2.0 Spellcasting
 + Level 3.7 Transmutations


You had 3 spell levels left.
You knew the following spells:

 Your Spells              Type           Power        Failure   Level  Hunger
a - Beastly Appendage     Tmut           #.....       6%          1    ##.....
b - Sticks to Snakes      Tmut           #.......     10%         2    ###....
c - Spider Form           Tmut/Pois      #.........   38%         3    ####...


Dungeon Overview and Level Annotations

Branches:
Dungeon (4/15)
 Temple: D:4-7

Altars:
Xom

Annotations:
D:4 Menkaure


Innate Abilities, Weirdness & Mutations

Your plain brown scales are hard. (AC +6)
You cannot fit into any form of body armour.
You are cold-blooded and may be slowed by cold attacks.


Message History

Menkaure is severely damaged.
Your ball python barely misses Menkaure.
Your ball python grabs Menkaure.
Your ball python constricts Menkaure.
The orc hits you with a club.
Your ball python bites Menkaure but does no damage.
Your ball python constricts Menkaure.
You hit Menkaure.
Menkaure is severely damaged.
Menkaure hits you!!
* * * LOW HITPOINT WARNING * * *
Your ball python bites Menkaure but does no damage.
Your ball python constricts Menkaure.
An orc wizard comes into view. It is wielding a dagger.
Unknown command.
Okay, then.
As you read the scroll of teleportation, it crumbles to dust.
You feel strangely unstable. The orc misses you.
Your ball python bites Menkaure but does no damage.
Your ball python constricts Menkaure.
Menkaure hits you!!
You die...

#.# .. #.# . #.###
.# #...##.#
###....# #..#####
#..#...#
...#####.o#...####
........@Mol..)...
###.####S##o.....#
#.# ..###.. #.#
.... #.. ...M. ###
....... #!.....
#.....


You could see Menkaure, an orc wizard, 2 orcs, a frilled lizard and a friendly
ball python.

Vanquished Creatures
  A bullfrog (D:3)
  Jessica (D:3)
  A worker ant (D:3)
  2 gnolls (D:2)
  4 adders
  An ooze (D:2)
  3 dart slugs
  4 leopard geckos
  4 orcs (D:3)
  3 ball pythons
  6 bats
  3 giant cockroaches
  8 goblins
  12 hobgoblins
  3 jackals (D:2)
  3 kobolds
  2 frilled lizards
  2 rats
63 creatures vanquished.

Vanquished Creatures (collateral kills)
  2 gnolls (D:2)
  A hobgoblin (D:2)
  A bat (D:2)
4 creatures vanquished.

Grand Total: 67 creatures vanquished

Notes
Turn   | Place    | Note
-------+----------+-------------------------------------------
     0 | D:1      | vatarom the Draconian Transmuter began the quest for the Orb.
     0 | D:1      | Reached XP level 1. HP: 16/16 MP: 3/3
   115 | D:1      | Reached XP level 2. HP: 23/23 MP: 5/5
   128 | D:1      | Learned a level 2 spell: Sticks to Snakes
   588 | D:1      | Reached XP level 3. HP: 27/29 MP: 3/6
   940 | D:2      | Reached skill level 4 in Unarmed Combat
  1027 | D:2      | Found a shimmering altar of Xom.
  1060 | D:2      | Reached XP level 4. HP: 36/36 MP: 7/7
  1072 | D:2      | Learned a level 3 spell: Spider Form
  1792 | D:3      | Reached XP level 5. HP: 32/44 MP: 8/8
  1906 | D:3      | Noticed Jessica
  1913 | D:3      | Killed Jessica
  2004 | D:3      | Reached skill level 5 in Unarmed Combat
  2203 | D:3      | Reached XP level 6. HP: 31/51 MP: 3/9
  2366 | D:4      | Noticed Menkaure
  2386 | D:4      | Mangled by Menkaure

Skill      XL: |  1  2  3  4  5 |
---------------+----------------+-----
Fighting       | 2 3 |  3.5
Unarmed Combat | 4 5 |  5.0
Transmutations | 3 |  3.7
Dodging        | |  1.7
Spellcasting   | |  2.0

Action                   |  1- 3 |  4- 6 || total
-------------------------+-------+-------++-------
Melee: Unarmed           |    56 |    10 ||    66
       Tailslap          |    11 |     9 ||    20
       Punch             |     3 |     2 ||     5
       Dagger            |    52 |    76 ||   128
       Headbutt          |     1 |       ||     1
 Cast: Beastly Appendage |     2 |       ||     2
       Sticks to Snakes  |     3 |     7 ||    10
       Spider Form       |       |     1 ||     1
  Use: Scroll            |     3 |     6 ||     9
       Potion            |     2 |     3 ||     5
 Stab: Sleeping          |     1 |       ||     1
  Eat: Chunk             |     1 |     2 ||     3
       Bread ration      |       |     1 ||     1
Armor: Skin              |    16 |    27 ||    43
Dodge: Dodged            |    59 |    63 ||   122
